YL
RYDE HAWKS @ WERRINGTON SAINTS
08/03/2022
 
TOP OF THE 1ST
Ryde Hawks batting - Pitching for Werrington Saints : RHP Trevor Cavell
Pitching: RHP Trevor Cavell
Batting: RHB Gavyn Higgins 0-0: Called Strike
0-1: Ball
1-1: Called Strike
1-2: Strikes out swinging
Batting: LHB Darren Roberts 0-0: Ball
1-0: Ground out 4-3 (Groundball, 34, EV 85.6 MPH)
Batting: RHB Joe Crang 0-0: Foul Ball, location: 3SF
0-1: Swinging Strike
0-2: Ball
1-2: Strikes out swinging
Top of the 1st over - 0 runs, 0 hits, 0 errors, 0 left on base; Ryde 0 - Werrington 0
BOTTOM OF THE 1ST
Werrington Saints batting - Pitching for Ryde Hawks : RHP Gregory Stuart
Pitching: RHP Gregory Stuart
Batting: LHB Jason Waldrom 0-0: Foul Ball, location: 2F
0-1: Ball
1-1: Swinging Strike
1-2: Ground out 5-3 (Groundball, 56S, EV 92.5 MPH)
Batting: RHB Rod Craggs 0-0: Ball
1-0: SINGLE (Line Drive, 78M, EV 107.5 MPH)
Batting: SHB Terry Besent 0-0: Ball
1-0: Ball
2-0: Ball
3-0: Fly out, F9 (Line Drive, 89M, EV 102.5 MPH)
Batting: RHB Rylan Tuathal 0-0: Ground out 4-3 (Groundball, 4, EV 83.1 MPH)
Bottom of the 1st over - 0 runs, 1 hit, 0 errors, 1 left on base; Ryde 0 - Werrington 0
TOP OF THE 2ND
Ryde Hawks batting - Pitching for Werrington Saints : RHP Trevor Cavell
Batting: LHB Geoff Finlay 0-0: Swinging Strike
0-1: Swinging Strike
0-2: Strikes out looking
Batting: RHB Bob Rosbotham 0-0: SINGLE (Groundball, 56D, EV 99.4 MPH)
Batting: RHB Dave Cottam 0-0: Fielders Choice at 2nd, 5-4 (Groundball, 56, EV 88.1 MPH)
Batting: RHB Daron Hotop 0-0: Ball
1-0: Swinging Strike
1-1: Foul Ball, location: 5F
1-2: Strikes out swinging
Top of the 2nd over - 0 runs, 1 hit, 0 errors, 1 left on base; Ryde 0 - Werrington 0
BOTTOM OF THE 2ND
Werrington Saints batting - Pitching for Ryde Hawks : RHP Gregory Stuart
Batting: RHB Chris Calcutt 0-0: Ball
1-0: SINGLE (Line Drive, 56, EV 95.6 MPH)
Batting: RHB Andrew Kenika 0-0: Foul Ball, location: 3F
0-1: Called Strike
0-2: Fly out, F3 (Popup, 3F, EV 68.1 MPH)
Batting: SHB Lex Collinge 0-0: Foul Ball, location: 7LDF
0-1: Swinging Strike
0-2: Ball
1-2: Strikes out swinging
Batting: LHB Eloni Miller 0-0: Ball
1-0: Called Strike
1-1: SINGLE (Line Drive, 6M, EV 95.0 MPH)
Chris Calcutt to second
Runner from 2nd tries for 3rd, SAFE, throw by CF made to third
Batting: SHB Dusty Hagerty 0-0: Called Strike
0-1: Ball
1-1: Called Strike
1-2: Foul Ball, location: 5F
1-2: SINGLE (Groundball, 34D, EV 95.0 MPH)
Chris Calcutt scores
Eloni Miller to second
Throwing error, E9
Eloni Miller scores
Dusty Hagerty to second
Batting: LHB Jason Waldrom 0-0: Ball
1-0: Foul Ball, location: 3F
1-1: Swinging Strike
1-2: Strikes out swinging
Bottom of the 2nd over - 2 runs, 3 hits, 1 error, 1 left on base; Ryde 0 - Werrington 2
TOP OF THE 3RD
Ryde Hawks batting - Pitching for Werrington Saints : RHP Trevor Cavell
Batting: LHB Lyn Shanahan 0-0: Called Strike
0-1: Called Strike
0-2: Strikes out swinging
Batting: RHB Larry Craigie 0-0: Called Strike
0-1: Swinging Strike
0-2: Ball
1-2: Strikes out swinging
Batting: RHB Gavyn Higgins 0-0: Called Strike
0-1: Swinging Strike
0-2: Foul Ball, location: 3FF
0-2: Ball
1-2: Foul Ball, location: 9LMF
1-2: Ball
2-2: Ball
3-2: Fly out, F7 (Flyball, 78D, EV 96.9 MPH)
Top of the 3rd over - 0 runs, 0 hits, 0 errors, 0 left on base; Ryde 0 - Werrington 2
BOTTOM OF THE 3RD
Werrington Saints batting - Pitching for Ryde Hawks : RHP Gregory Stuart
Batting: RHB Rod Craggs 0-0: Fly out, F4 (Popup, 3S, EV 88.1 MPH)
Batting: SHB Terry Besent 0-0: Ball
1-0: Ball
2-0: Ball
3-0: Base on Balls
Batting: RHB Rylan Tuathal 0-0: Fly out, F9 (Flyball, 9, EV 92.5 MPH)
Batting: RHB Chris Calcutt 0-0: Ball
1-0: Called Strike
1-1: Ball
2-1: Foul Ball, location: 23F
2-2: Fly out, F7 (Line Drive, 7S, EV 85.6 MPH)
Bottom of the 3rd over - 0 runs, 0 hits, 0 errors, 1 left on base; Ryde 0 - Werrington 2
TOP OF THE 4TH
Ryde Hawks batting - Pitching for Werrington Saints : RHP Trevor Cavell
Batting: LHB Darren Roberts 0-0: SOLO HOME RUN (Flyball, 9D, EV 98.1 MPH), Distance : 379 ft
Batting: RHB Joe Crang 0-0: Called Strike
0-1: Called Strike
0-2: Foul Ball, location: 9LMF
0-2: Strikes out swinging
Batting: LHB Geoff Finlay 0-0: Ball
1-0: Foul Ball, location: 2F
1-1: Swinging Strike
1-2: Fly out, F4 (Line Drive, 4, EV 65.0 MPH)
Batting: RHB Bob Rosbotham 0-0: Called Strike
0-1: Foul Ball, location: 9LDF
0-2: Ball
1-2: Ball
2-2: Fly out, F4 (Popup, 34D, EV 57.5 MPH)
Top of the 4th over - 1 run, 1 hit, 0 errors, 0 left on base; Ryde 1 - Werrington 2
BOTTOM OF THE 4TH
Werrington Saints batting - Pitching for Ryde Hawks : RHP Gregory Stuart
Batting: RHB Andrew Kenika 0-0: Called Strike
0-1: SINGLE (Groundball, 13S, EV 68.1 MPH) (infield hit)
Batting: SHB Lex Collinge 0-0: Fielders Choice at 2nd, 4-6 (Groundball, 34S, EV 89.4 MPH)
Batting: LHB Eloni Miller 0-0: Foul Ball, location: 2F
0-1: 2-RUN HOME RUN (Flyball, 9D, EV 98.1 MPH), Distance : 394 ft
Batting: SHB Dusty Hagerty 0-0: Ball
1-0: Ball
2-0: Fly out, F7 (Flyball, 78M, EV 87.5 MPH)
Batting: LHB Jason Waldrom 0-0: Called Strike
0-1: Called Strike
0-2: Ball
1-2: Strikes out swinging
Bottom of the 4th over - 2 runs, 2 hits, 0 errors, 0 left on base; Ryde 1 - Werrington 4
TOP OF THE 5TH
Ryde Hawks batting - Pitching for Werrington Saints : RHP Trevor Cavell
Batting: RHB Dave Cottam 0-0: Swinging Strike
0-1: Ball
1-1: Called Strike
1-2: SINGLE (Groundball, 6MD, EV 100.0 MPH)
Batting: RHB Daron Hotop 0-0: Ball
1-0: Foul Ball, location: 9LSF
1-1: Swinging Strike
1-2: SINGLE (Line Drive, 9S, EV 87.5 MPH)
Dave Cottam to second
Batting: LHB Lyn Shanahan 0-0: Ball
1-0: Foul Ball, location: 5DF
1-1: Sac Bunt to 23 - play at first, batter OUT! 3-4
Dave Cottam to third
Daron Hotop to second
Batting: RHB Larry Craigie 0-0: Fly out, F8 (Flyball, 78M, EV 99.4 MPH)
Batting: RHB Gavyn Higgins 0-0: Called Strike
0-1: Ball
1-1: Foul Ball, location: 2F
1-2: Strikes out swinging
Top of the 5th over - 0 runs, 2 hits, 0 errors, 2 left on base; Ryde 1 - Werrington 4
BOTTOM OF THE 5TH
Werrington Saints batting - Pitching for Ryde Hawks : RHP Gregory Stuart
Batting: RHB Rod Craggs 0-0: Ball
1-0: Called Strike
1-1: Swinging Strike
1-2: Foul Ball, location: 9LSF
1-2: Hit by Pitch
Batting: SHB Terry Besent 0-0: Fielders Choice at 2nd, 4-6 (Groundball, 4, EV 79.4 MPH)
Batting: RHB Rylan Tuathal 0-0: Swinging Strike
0-1: Called Strike
0-2: Strikes out swinging
Terry Besent steals 2nd base
Batter strikes out.
Batting: RHB Chris Calcutt 0-0: Ball
1-0: Foul Ball, location: 7LMF
1-1: Foul Ball, location: 23F
1-2: Ball
2-2: Ball
3-2: Foul Ball, location: 2F
3-2: 2-RUN HOME RUN (Flyball, 78XD, EV 111.3 MPH), Distance : 424 ft
Batting: RHB Andrew Kenika 0-0: Foul Ball, location: 2F
0-1: Fly out, F7 (Flyball, 7LM, EV 76.3 MPH)
Bottom of the 5th over - 2 runs, 1 hit, 0 errors, 0 left on base; Ryde 1 - Werrington 6
TOP OF THE 6TH
Ryde Hawks batting - Pitching for Werrington Saints : RHP Trevor Cavell
Batting: LHB Darren Roberts 0-0: Foul Ball, location: 2F
0-1: Swinging Strike
0-2: Ball
1-2: Ball
2-2: Ball
3-2: Foul Ball, location: 2F
3-2: Ground out 6-3 (Groundball, 6, EV 86.9 MPH)
Batting: RHB Joe Crang 0-0: Called Strike
0-1: Ball
1-1: Ball
2-1: Ball
3-1: SOLO HOME RUN (Flyball, 9D, EV 100.6 MPH), Distance : 389 ft
Batting: LHB Geoff Finlay 0-0: Ball
1-0: DOUBLE (Groundball, 3L, EV 104.4 MPH)
Batting: RHB Bob Rosbotham 0-0: Ball
1-0: Fly out, F8 (Flyball, 8LM, EV 100.6 MPH)
Batting: RHB Dave Cottam 0-0: Swinging Strike
0-1: Foul Ball, location: 2F
0-2: Ball
1-2: Fly out, F8 (Flyball, 8RM, EV 93.1 MPH)
Top of the 6th over - 1 run, 2 hits, 0 errors, 1 left on base; Ryde 2 - Werrington 6
BOTTOM OF THE 6TH
Werrington Saints batting - Pitching for Ryde Hawks : RHP Gregory Stuart
Batting: SHB Lex Collinge 0-0: Ground out 4-3 (Groundball, 4, EV 87.5 MPH)
Batting: LHB Eloni Miller 0-0: Called Strike
0-1: Ball
1-1: Fly out, F8 (Flyball, 8LD, EV 100.6 MPH)
Batting: SHB Dusty Hagerty 0-0: Called Strike
0-1: Swinging Strike
0-2: Ground out U3 (Groundball, 3L, EV 78.1 MPH)
Bottom of the 6th over - 0 runs, 0 hits, 0 errors, 0 left on base; Ryde 2 - Werrington 6
TOP OF THE 7TH
Ryde Hawks batting - Pitching for Werrington Saints : RHP Trevor Cavell
Batting: RHB Daron Hotop 0-0: Called Strike
0-1: Foul Ball, location: 9LDF
0-2: Foul Ball, location: 7LMF
0-2: Foul Ball, location: 9LMF
0-2: Ball
1-2: Fly out, F7 (Flyball, 7, EV 95.0 MPH)
Batting: LHB Lyn Shanahan 0-0: Ground out 4-3 (Groundball, 4, EV 88.8 MPH)
Batting: RHB Larry Craigie 0-0: Ball
1-0: Called Strike
1-1: Ball
2-1: Ball
3-1: Ground out 6-3 (Groundball, 6, EV 106.3 MPH)
Top of the 7th over - 0 runs, 0 hits, 0 errors, 0 left on base; Ryde 2 - Werrington 6
BOTTOM OF THE 7TH
Werrington Saints batting - Pitching for Ryde Hawks : RHP Gregory Stuart
Pitching: LHP Rhett Hodder
Batting: LHB Jason Waldrom 0-0: Called Strike
0-1: Ball
1-1: Called Strike
1-2: Strikes out looking
Batting: RHB Rod Craggs 0-0: Called Strike
0-1: Ball
1-1: Called Strike
1-2: Strikes out swinging
Batting: SHB Terry Besent 0-0: Ball
1-0: TRIPLE (Line Drive, 89XD, EV 107.5 MPH)
Batting: RHB Rylan Tuathal 0-0: Ball
1-0: Ground out 1-3 (Groundball, 34S, EV 70.6 MPH)
Bottom of the 7th over - 0 runs, 1 hit, 0 errors, 1 left on base; Ryde 2 - Werrington 6
TOP OF THE 8TH
Ryde Hawks batting - Pitching for Werrington Saints : RHP Trevor Cavell
Pitching: RHP Billy Ruzic
Batting: RHB Gavyn Higgins 0-0: Called Strike
0-1: Swinging Strike
0-2: Strikes out swinging
Batting: LHB Darren Roberts 0-0: Ball
1-0: Foul Ball, location: 23FF
1-1: Swinging Strike
1-2: Foul Ball, location: 25F
1-2: Foul Ball, location: 7LSF
1-2: Ball
2-2: Ground out 4-3 (Groundball, 4, EV 88.8 MPH)
Batting: RHB Joe Crang 0-0: Ball
1-0: Swinging Strike
1-1: Called Strike
1-2: Foul Ball, location: 7LDF
1-2: Strikes out looking
Top of the 8th over - 0 runs, 0 hits, 0 errors, 0 left on base; Ryde 2 - Werrington 6
BOTTOM OF THE 8TH
Werrington Saints batting - Pitching for Ryde Hawks : LHP Rhett Hodder
Batting: RHB Chris Calcutt 0-0: Swinging Strike
0-1: Ball
1-1: Ball
2-1: Foul Ball, location: 2F
2-2: Ball
3-2: Base on Balls
Batting: RHB Andrew Kenika 0-0: Fly out, F7 (Flyball, 78M, EV 97.5 MPH)
Batting: SHB Lex Collinge 0-0: Swinging Strike
0-1: SINGLE (Groundball, 56S, EV 70.6 MPH) (infield hit)
Chris Calcutt to second
Pinch Hitting: RHB Corey Tyack 0-0: Called Strike
0-1: Ball
1-1: Fielders Choice at 2nd, 4-6 (Groundball, 34, EV 86.9 MPH)
Chris Calcutt to third
Batting: SHB Dusty Hagerty 0-0: Ball
1-0: Foul Ball, location: 5FF
1-1: Called Strike
1-2: Ball
2-2: Strikes out swinging
Bottom of the 8th over - 0 runs, 1 hit, 0 errors, 2 left on base; Ryde 2 - Werrington 6
TOP OF THE 9TH
Ryde Hawks batting - Pitching for Werrington Saints : RHP Billy Ruzic
Now in RF: Jack Tovo
Batting: LHB Geoff Finlay 0-0: Called Strike
0-1: Ground out U3 (Groundball, 34S, EV 83.1 MPH)
Batting: LHB D.C. Berrigan 0-0: Ball
1-0: Ball
2-0: Ball
3-0: Called Strike
3-1: Foul Ball, location: 25F
3-2: Base on Balls
Batting: RHB Dave Cottam 0-0: Ground out 4-3 (Groundball, 34, EV 103.8 MPH)
D.C. Berrigan to second
Batting: RHB Daron Hotop 0-0: Ball
1-0: Ball
2-0: Fly out, F8 (Line Drive, 89M, EV 96.9 MPH)
Top of the 9th over - 0 runs, 0 hits, 0 errors, 1 left on base; Ryde 2 - Werrington 6
Monday, May 6th , 2024 - OOTP Baseball 24.9 Build 80